 Dungeon Crawl Stone Soup version 0.25-a0-591-g2ad0d861f1 (webtiles) character file.

Game seed: 10104189764052541465, levelgen mode: deterministic

1843 kae the Martial Artist (level 8, 0/67 HPs)
             Began as a Demonspawn Monk on Mar 13, 2020.
             Slain by an orc warrior
             ... wielding a +0 dire flail
              (15 damage)
             ... on level 6 of the Dungeon.
             The game lasted 00:08:41 (9693 turns).

kae the Martial Artist (Demonspawn Monk)            Turns: 9693, Time: 00:08:42

Health: 0/67       AC:  8    Str: 14    XL:     8   Next: 88%
Magic:  8/8        EV: 13    Int: 16    God:
Gold:   444        SH:  0    Dex: 15    Spells: 7/7 levels left

rFire    . . .     SeeInvis .     - Unarmed
rCold    . . .     Gourm    .   (no shield)
rNeg     . . .     Faith    .   a - +0 robe
rPois    .         Spirit   .   j - +2 hat
rElec    .         Reflect  .   m - +0 cloak
rCorr    .         Harm     .   (no gloves)
MR       .....                  (no boots)
Stlth    ++........             p - amulet of the acrobat
HPRegen  0.21/turn              q - +4 ring of intelligence
MPRegen  0.11/turn              (no ring)

@: no status effects
A: hooves 1, icy blue scales 2
a: no special abilities


You were on level 6 of the Dungeon.
You were not hungry.

You visited 2 branches of the dungeon, and saw 8 of its levels.
You also visited: Sewer.

You collected 444 gold pieces.

Inventory:

Armour
 a - a +0 robe (worn)
 j - a +2 hat (worn)
 m - a +0 cloak (worn)
Jewellery
 d - an uncursed amulet of the gourmand
 g - a cursed amulet of magic regeneration
 p - an amulet of the acrobat (around neck)
 q - a +4 ring of intelligence (left hand)
Wands
 v - a wand of paralysis (9)
Scrolls
 e - 3 scrolls of teleportation
 f - 5 scrolls of remove curse
 i - a scroll of fear
 k - a scroll of enchant weapon
Potions
 c - 4 potions of flight
 h - 2 potions of ambrosia {unknown}
 l - a potion of mutation {unknown}
 o - a potion of resistance
 s - 2 potions of brilliance
 u - 3 potions of heal wounds {unknown}
Comestibles
 b - 8 rations


   Skills:
 + Level 7.2 Fighting
 - Level 2.6 Dodging
 - Level 1.7 Stealth
 * Level 9.1 Unarmed Combat


You had 7 spell levels left.
You didn't know any spells.
Your spell library contained the following spells:

 Spells                   Type           Power        Failure   Level  Hunger
 Foxfire                  Conj/Fire      #...         26%         1    ##.....
 Conjure Flame            Conj/Fire      #.......     58%         3    ####...
 Inner Flame              Hex/Fire       #.......     58%         3    ####...
 Sticky Flame             Conj/Fire      #.......     94%         4    #####..
 Fireball                 Conj/Fire      #.........   100%        5    ######.


Dungeon Overview and Level Annotations

Branches:
Dungeon (7/15)             Temple (1/1) D:5           Sewer (visited)

Altars:
Ashenzari
Cheibriados
Dithmenos
Elyvilon
Fedhas
Gozag
Hepliaklqana
Kikubaaqudgha
Makhleb
Nemelex Xobeh
Okawaru
Qazlal
Ru
Sif Muna
Trog
Uskayaw
Vehumet
Xom
Yredelemnul
Zin
The Shining One

Annotations:
D:2 Terence


Innate Abilities, Weirdness & Mutations

You have large cloven feet.
You are mostly covered in icy blue scales. (AC +3)


Message History

You barely miss the orc warrior.
The orc warrior is heavily wounded.
The orc warrior hits you with a +0 dire flail!
* * * LOW HITPOINT WARNING * * *
You hit the orc warrior. Your kick misses the orc warrior.
The orc warrior is heavily wounded.
The orc warrior misses you.
You hit the orc warrior.
The orc warrior is severely wounded.
You feel better.
The orc warrior hits you with a +0 dire flail.
* * * LOW HITPOINT WARNING * * *
You closely miss the orc warrior.
The orc warrior is severely wounded.
The orc warrior barely misses you.
You hit the orc warrior but do no damage.
You kick the orc warrior, but do no damage.
The orc warrior is severely wounded.
The orc warrior hits you with a +0 dire flail!
You die...

..# #................. ..#
#................. ..#
#................. ..#
#........[........
################.................
...#....#...#.)...######+###.....
...'........#.....#...#....#.....
...#........#....)#...'.§§.#.....
...#........#..o@.#...#§§§§#.....
...#........#..†..#...#§§§§#.....
...#........#.....#...#§§§§#.....
...#........#.....'.).#....#.....
...#........#.....#...#....#.....
...###.####.#.....###.##...#.....
######.####'####'####'##...######
..............'..............#...
..............#..............#...


You could see an orc warrior.

Vanquished Creatures
  An ice beast (D:7)
  A black bear (D:6)
  A sky beast (D:5)
  A phantom (D:6)
  A centaur (D:5)
  An ogre (D:6)
  3 bullfrogs
  Blork the orc (D:4)
  A gnoll sergeant (D:5)
  A water moccasin zombie (D:7)
  2 killer bees (D:6)
  A crimson imp (D:4)
  A centaur zombie (D:7)
  A quasit (D:5)
  2 orc wizards (D:6)
  An orc priest (D:6)
  2 hounds
  2 jellies
  2 bullfrog skeletons
  4 worker ants
  A worker ant zombie (D:5)
  A howler monkey skeleton (D:4)
  16 adders
  5 gnolls (D:6)
  A river rat (D:3)
  A shadow imp (D:5)
  4 oozes (Sewer)
  2 adder skeletons
  3 dart slugs (D:1)
  9 worms
  2 leopard geckos
  11 orcs
  13 bats
  7 giant cockroaches
  4 goblins
  12 hobgoblins
  15 jackals
  10 kobolds
  7 ball pythons
  8 frilled lizards
  A jackal skeleton (D:7)
  A leopard gecko skeleton (D:6)
  A quokka skeleton (D:4)
  13 rats
178 creatures vanquished.

Notes
Turn   | Place    | Note
-------+----------+-------------------------------------------
     0 | D:1      | kae the Demonspawn Monk began the quest for the Orb.
     0 | D:1      | Reached XP level 1. HP: 18/18 MP: 1/1
   148 | D:1      | Reached skill level 3 in Unarmed Combat
   153 | D:1      | Gained mutation: You are partially covered in icy blue
                  | scales. (AC +2) [demonic ancestry]
   153 | D:1      | Reached XP level 2. HP: 24/24 MP: 2/2
   538 | D:1      | Gained mutation: You are mostly covered in icy blue scales.
                  | (AC +3) [demonic ancestry]
   538 | D:1      | Reached XP level 3. HP: 27/29 MP: 3/3
  1527 | D:2      | Reached skill level 4 in Unarmed Combat
  1553 | D:2      | Gained mutation: You have large cloven feet. [demonic
                  | ancestry]
  1553 | D:2      | Reached XP level 4. HP: 35/37 MP: 4/4
  1666 | D:2      | Noticed Terence
  1869 | D:2      | Found a shattered altar of Ashenzari.
  2494 | D:3      | Reached XP level 5. HP: 13/42 MP: 5/5
  2522 | D:3      | Found a glowing drain.
  2533 | Sewer    | Entered a sewer
  3591 | Sewer    | Reached skill level 5 in Unarmed Combat
  3794 | D:3      | Found an iron altar of Okawaru.
  3794 | D:3      | Found a sacrificial altar of Ru.
  4183 | D:3      | Reached XP level 6. HP: 49/49 MP: 6/6
  4227 | D:3      | Found a hazy altar of Hepliaklqana.
  4227 | D:3      | Found a snail-covered altar of Cheibriados.
  4918 | D:4      | Noticed Blork the orc
  5111 | D:5      | Entered Level 5 of the Dungeon
  5137 | D:5      | Found a shimmering altar of Xom.
  5176 | D:5      | Noticed a sky beast
  5192 | D:5      | Killed a sky beast
  5192 | D:5      | Reached skill level 5 in Fighting
  5192 | D:5      | Reached skill level 6 in Unarmed Combat
  5358 | D:5      | Reached XP level 7. HP: 56/56 MP: 7/7
  5777 | D:5      | Found a staircase to the Ecumenical Temple.
  5874 | Temple   | Entered the Ecumenical Temple
  6428 | D:5      | Found a white marble altar of Elyvilon.
  7022 | D:5      | Reached skill level 7 in Unarmed Combat
  7690 | D:5      | Reached XP level 8. HP: 35/64 MP: 8/8
  8140 | D:6      | Found a blossoming altar of Fedhas.
  8142 | D:6      | Found an ancient bone altar of Kikubaaqudgha.
  8259 | D:6      | Reached skill level 8 in Unarmed Combat
  8417 | D:4      | Killed Blork the orc
  9551 | D:7      | Reached skill level 9 in Unarmed Combat
  9693 | D:6      | Slain by an orc warrior

Levels and vault maps discovered:
D:1:      dpeg_arrival_tiny_h, layout_basic
D:2:      layout_rooms, ashenzari_conservatory_becter, serial_curves,
          eino_curves_02, eino_curves_02, uniq_terence
D:3:      layout_loops_ring, gammafunk_temple_overflow_statue,
          gammafunk_temple_overflow_wave, first_ration,
          lightli_sewer_entry_pipes, minmay_fractal_squares_gapless_5
D:4:      layout_basic, uniq_blork_the_orc
D:5:      layout_loops_cross, marbit_many_paths, kennysheep_mini, temple_hall,
          minmay_strange_pillars
D:6:      layout_gridville, grunt_temple_overflow_growth_and_decay
D:7:      layout_basic
Temple:   minmay_temple_forest_path

Skill      XL: |  1  2  3  4  5  6  7  8 |
---------------+-------------------------+-----
Unarmed Combat | 3 4 5 6 7 9 |  9.1
Fighting       | 4 5 6 7 |  7.2
Dodging        | |  2.6
Stealth        | |  1.7

Action                   |  1- 3 |  4- 6 |  7- 9 || total
-------------------------+-------+-------+-------++-------
Melee: Unarmed           |   162 |   355 |   272 ||   789
       Kick              |       |    77 |    71 ||   148
       Punch             |       |     8 |     7 ||    15
  Use: Scroll            |     4 |     7 |     3 ||    14
       Potion            |       |     5 |     2 ||     7
 Stab: Sleeping          |     3 |     3 |       ||     6
  Eat: Chunk             |     2 |    22 |     2 ||    26
       Ration            |       |       |     1 ||     1
Armor: Robe              |    36 |   156 |    97 ||   289
Dodge: Dodged            |   122 |   291 |   230 ||   643

Table legend:
 A = Non-vault XP
 B = Vault XP
 C = Vault XP percentage of total XP
 D = Non-vault monster count
 E = Vault monster count
 F = Vault count percentage of total count
                 A         B        C        D         E       F
            +---------+---------+-------+---------+---------+-------
      Total |    2356 |     278 |  10.6 |     140 |      38 |  21.3
            +---------+---------+-------+---------+---------+-------
        D:1 |      75 |       0 |   0.0 |      34 |       0 |   0.0
        D:2 |      50 |       0 |   0.0 |      16 |       0 |   0.0
        D:3 |     114 |      77 |  40.3 |      26 |       9 |  25.7
        D:4 |     131 |      91 |  41.0 |      10 |       1 |   9.1
        D:5 |     546 |      33 |   5.7 |      16 |       1 |   5.9
        D:6 |     961 |       0 |   0.0 |      27 |       0 |   0.0
        D:7 |     479 |       0 |   0.0 |      11 |       0 |   0.0
      Sewer |       0 |      77 | 100.0 |       0 |      27 | 100.0
            +---------+---------+-------+---------+---------+-------
